 Dungeon Crawl Stone Soup version 0.31-a0-845-g9abc20d24f (webtiles) character file.

Game seed: 17742299734526159111

87 Nedwor the Ducker (level 4, -5/35 HPs)
             Began as a Merfolk Gladiator on Oct 3, 2023.
             Slain by a goblin
             ... wielding a +3 dagger
             ... led by Robin
              (7 damage)
             ... on level 2 of the Dungeon.
             The game lasted 00:03:52 (1276 turns).

Nedwor the Ducker (Merfolk Gladiator)               Turns: 1276, Time: 00:03:53

Health: -5/35      AC:  4    Str: 14    XL:     4   Next: 51%
Magic:  4/4        EV: 14    Int:  7    God:
Gold:   55         SH:  0    Dex: 17    Spells: 3/3 levels left

rFire   . . .        a - +1 long sword
rCold   . . .        (no shield)
rNeg    . . .        b - +0 leather armour
rPois   .            c - +0 helmet
rElec   .            (no cloak)
rCorr   .            (no gloves)
SInv    .            (no boots)
Will    .....        (no amulet)
Stlth   +            (no ring)
HPRegen 0.25/turn    (no ring)
MPRegen 0.09/turn

%: no passive effects
@: lethally poisoned (-5 -> -14)
A: (nimble swimmer 2), mertail
a: no special abilities


You were on level 2 of the Dungeon.
You visited 1 branch of the dungeon, and saw 2 of its levels.

You collected 55 gold pieces.

Inventory:

Hand Weapons
 a - a +1 long sword (weapon)
Missiles
 d - 3 throwing nets (quivered)
 e - a javelin
Armour
 b - a +0 leather armour (worn)
 c - a +0 helmet (worn)
Scrolls
 i - a scroll of identify {unknown}
Potions
 f - 2 potions of might {unknown}
 g - a potion of brilliance {unknown}
 h - a potion of curing {unknown}
 j - a potion of resistance {unknown}


   Skills:
 + Level 3.4 Fighting
 + Level 4.6 Long Blades
 - Level 2.0 Throwing
 + Level 5.1 Dodging


You had 3 spell levels left.
You didn't know any spells.
Your spell library contained the following spells:

 Spells                   Type           Power      Damage    Failure   Level
 Stone Arrow              Conj/Erth      0%         3d7       87%         3
 Animate Armour           Summ/Erth      0%         N/A       99%         4
 Lehudib's Crystal Spear  Conj/Erth      0%         10d2      100%        8


Dungeon Overview and Level Annotations

Branches:
Dungeon (2/15)

Altars:

Annotations:
D:2 Robin


Innate Abilities, Weirdness & Mutations

((You are very nimble when in or above water. (Stealth+, EV+, Speed+++)))
Your lower body shifts to a powerful aquatic tail in water.


Message History

You hit Robin.
Robin is lightly wounded.
A goblin comes into view. It is wielding a +0 dagger.
The goblin misses you.
Robin zaps a wand.
You resist with some effort.
You closely miss Robin.
Robin is lightly wounded.
The goblin hits you but does no damage. Robin closely misses you.
The goblin hits you but does no damage.
The goblin shouts!
You hit Robin.
Robin is moderately wounded.
Robin hits you with a +2 short sword of venom!
You are poisoned.
The goblin hits you with a +0 dagger.
You hit Robin.
Robin is heavily wounded.
You feel very sick.
Robin hits you with a +2 short sword of venom.
You are lethally poisoned!
The goblin hits you but does no damage.
You hit Robin.
Robin is severely wounded.
You feel very sick.
Robin says, "Duck!"
Robin barely misses you. The goblin hits you but does no damage.
Robin throws the goblin at you!
* * * LOW HITPOINT WARNING * * *
Level annotation: Robin Welcome back, Nedwor the Merfolk Gladiator.
Press ? for a list of commands and other information.
You closely miss the goblin.
* * * LOW HITPOINT WARNING * * *
You feel very sick. The goblin barely misses you.
The goblin closely misses you.
You closely miss the goblin.
* * * LOW HITPOINT WARNING * * *
You feel very sick.
The goblin closely misses you. x2; Robin barely misses you.
The goblin hits you with a +3 dagger!
You die...

###### ########## #....#
.........# #....# ####
.........# #....# #....
.........###.)..# #.....
..........##....# ......
...............g########......
.........##....g@ggg......g...
####.#.###.##.###g†..........
#.#..##.##.# #........g...
#.##.##.##.# #........<.g.
#####..#.##.##.# #..........g.
#........##.##.# #........~.g.
#.....#...#.##.###.......~P.~~
#...)###..#†##.....#####..~[P.
#.....##..#.#......# #.....


You could see Robin, a hobgoblin (strong) and 4 goblins.

Vanquished Creatures
  2 adders (D:2)
  6 dart slugs
  A ball python (D:1)
  3 endoplasms (D:1)
  3 giant cockroaches
  10 goblins
  8 hobgoblins
  A quokka (D:2)
  4 bats
  3 frilled lizards (D:1)
  9 kobolds
  2 rats (D:1)
52 creatures vanquished.

Notes
Turn   | Place    | Note
-------+----------+-------------------------------------------
     0 | D:1      | Nedwor the Merfolk Gladiator began the quest for the Orb.
     0 | D:1      | Reached XP level 1. HP: 16/16 MP: 1/1
   143 | D:1      | Reached XP level 2. HP: 22/23 MP: 2/2
   509 | D:1      | Reached XP level 3. HP: 28/28 MP: 3/3
  1049 | D:2      | Reached XP level 4. HP: 20/35 MP: 4/4
  1167 | D:2      | Reached skill level 5 in Dodging
  1222 | D:2      | Noticed Robin
  1276 | D:2      | Slain by a goblin

Illustrated notes

Levels and vault maps discovered:
D:1:      tarquinn_simple_flora_water_d, layout_loops_corners
D:2:      layout_rooms, serial_bayou, serial_bayou_pond_e, serial_bayou_shore_b,
          serial_bayou_pond_c, serial_bayou_pond_b, uniq_robin

Skill      XL: |  1  2  3  4 |
---------------+-------------+-----
Long Blades    | 4 |  4.6
Fighting       | 3 |  3.4
Dodging        | 5 |  5.1
Throwing       | |  2.0

Action                     |  1- 3 |  4- 6 || total
---------------------------+-------+-------++-------
  Melee: Long sword        |   104 |    51 ||   155
    Use: Scroll            |       |     2 ||     2
 Armour: Leather armour    |    50 |    28 ||    78
  Dodge: Dodged            |    73 |    47 ||   120

Table legend: (Time is in decaauts)
 A = Elapsed time spent in this place.
 B = Non-inter-level travel time spent in this place.
 C = Inter-level travel time spent in this place.
 D = Time resting spent in this place.
 E = Time spent auto-exploring this place.
 F = Levels seen in this place.
 G = Mean time per level.
                   A        B        C        D        E       F      G
               +--------+--------+--------+--------+--------+-----+--------+
         Total |   1305 |   1287 |     18 |    146 |    788 |   2 |  652.5 |
       Dungeon |   1305 |   1287 |     18 |    146 |    788 |   2 |  652.5 |
               +--------+--------+--------+--------+--------+-----+--------+

Top non-repeatable levels by time:
     D:1: 1085 daAuts
     D:2: 220 daAuts
